 Dungeon Sprint DCSS version 0.17.0-24-gcfadda4 (webtiles) character file.

1500 George the Grappler (level 8, -16/93 HPs)
             Began as a Troll Berserker on Nov 16, 2015.
             Was a High Priest of Trog.
             Demolished by a four-headed hydra (17 damage)
             ... in the Dungeon (Sprint IX: "|||||||||||||||||||||||||||||").
             The game lasted 00:02:36 (641 turns).

George the Grappler (Troll Berserker)                Turns: 641, Time: 00:02:36

Health: -16/93     AC:  7    Str: 28    XL:     8   Next: 52%
Magic:  7/7        EV: 13    Int:  6    God:    Trog [*****.]
Gold:   18         SH:  0    Dex:  9    Spells: 0 memorised, 7 levels left

rFire  . . .     SeeInvis .     l - +2 morningstar (crush)
rCold  . . .     Clarity  .     a - +0 animal skin
rNeg   . . .     SustAt   .     (no shield)
rPois  .         Gourm    +     (helmet restricted)
rElec  .         Spirit   .     (no cloak)
rCorr  .         Warding  .     (gloves unavailable)
rMut   .         NoTele   +     (boots unavailable)
MR     .....                    (no amulet)
Stlth  +.........               n - +2 ring of protection
                                m - +3 ring of intelligence

@: lethally poisoned (-16 -> -16), not resistant to hostile enchantments, very
unstealthy
A: unfitting armour, claws 3, fast metabolism 3, gourmand, regeneration 2,
shaggy fur 1, tough skin 2
a: Berserk, Trog's Hand, Brothers in Arms, Burn Spellbooks, Renounce Religion


You were in the Dungeon.
You worshipped Trog.
Trog was extremely pleased with you.
You were very full.

You visited 1 branch You collected 18 gold pieces.

Inventory:

Hand Weapons
 l - a +2 morningstar of crushing (weapon)
Armour
 a - a +0 animal skin (worn)
Jewellery
 m - a +3 ring of intelligence (left claw)
 n - a +2 ring of protection (right claw)
Wands
 k - a wand of cold (7)
Scrolls
 h - 3 scrolls of blinking
 j - 3 scrolls of remove curse
 p - a scroll of recharging
 q - a scroll of fog
 r - 2 scrolls of fear
 s - 2 scrolls of enchant armour
Potions
 c - 5 potions of curing
 d - 7 potions of heal wounds
 e - 2 potions of haste
 f - 4 potions of magic
 g - 2 potions of berserk rage
 i - a potion of invisibility
 o - a potion of resistance
Comestibles
 b - 2 bread rations


   Skills:
 + Level 9.6 Fighting
 + Level 9.7 Dodging
 + Level 11.4 Unarmed Combat


You had 7 spell levels left.
You didn't know any spells.

Dungeon Overview and Level Annotations

Branches:
Dungeon (1/1)

Altars:
Cheibriados
Dithmenos
Elyvilon
Fedhas
Gozag
Kikubaaqudgha
Makhleb
Nemelex Xobeh
Okawaru
Qazlal
Ru
Sif Muna
Trog
Vehumet
Xom
Yredelemnul
Zin
The Shining One
Beogh
Jiyva
Lugonu


Innate Abilities, Weirdness & Mutations

You are too large for most types of armour.
You have claws for hands.
Your metabolism is lightning-fast.
You like to eat raw meat.
You heal very quickly.
You are covered in fur (AC +1).
You have very tough skin (AC +2).


Message History

Your ogre's corpse disappears in a puff of smoke!
Wield which item (- for none, * to show all)? (? for menu, Esc to quit)
l - a +2 morningstar of crushing (weapon)
You feel sick.
You barely miss the four-headed hydra. You claw the four-headed hydra.
The four-headed hydra is lightly wounded.
The four-headed hydra bites you!
The four-headed hydra closely misses you.
The four-headed hydra bites you!
* * * LOW HITPOINT WARNING * * *
The four-headed hydra bites you!
* * * LOW HITPOINT WARNING * * *
You feel sick.
You fail to use your ability.
The four-headed hydra bites you.
* * * LOW HITPOINT WARNING * * *
The four-headed hydra bites you but does no damage.
The four-headed hydra bites you!
* * * LOW HITPOINT WARNING * * *
The four-headed hydra bites you!
You die...

▓▓▓▓▓▓▓▓▓▓▓▓▓▓▓▓▓▓▓▓▓▓▓▓▓▓▓
......'.....[.).@DF)HS.....
▓▓▓▓▓▓▓▓▓▓▓▓▓▓▓▓▓▓▓▓▓▓▓▓▓▓▓▓▓▓▓▓▓
.................................
▓▓▓▓▓▓▓▓▓▓▓▓▓▓▓▓▓▓▓▓▓▓▓▓▓▓▓▓▓▓▓▓▓
....).....).....'________________
▓▓▓▓▓▓▓▓▓▓▓▓▓▓▓▓▓▓▓▓▓▓▓▓▓▓▓▓▓▓▓▓▓


You could see a four-headed hydra, a black mamba, a hippogriff and a giant frog.

Vanquished Creatures
  A hill giant (D)
  A black mamba (D)
  A trapdoor spider (D)
  A water moccasin (D)
  A sky beast (D)
  An ogre (D)
  A crocodile (D)
  A giant frog (D)
  A quasit (D)
  An iguana (D)
  A hound (D)
  An orc wizard (D)
  2 worker ants (D)
  An adder (D)
  A shadow imp (D)
  An ooze (D)
  An adder skeleton (D)
  An orc (D)
  A bat zombie (D)
  A hobgoblin (D)
  2 jackals (D)
  A kobold (D)
  A rat (D)
25 creatures vanquished.

Vanquished Creatures (collateral kills)
  A vampire (D)
1 creature vanquished.

Grand Total: 26 creatures vanquished

Notes
Turn   | Place    | Note
--------------------------------------------------------------
     0 | D        | George the Troll Berserker began the quest for the Orb.
     0 | D        | Reached XP level 1. HP: 22/22 MP: 0/0
    17 | D        | Reached ** piety under Trog
    25 | D        | Reached XP level 2. HP: 29/31 MP: 1/1
    56 | D        | Noticed a hound
    56 | D        | Noticed a sky beast
    56 | D        | Noticed an ogre
    56 | D        | Noticed a worker ant
    59 | D        | Killed a hound
    59 | D        | Reached *** piety under Trog
    59 | D        | Reached skill level 4 in Unarmed Combat
    59 | D        | Reached XP level 3. HP: 29/39 MP: 2/2
    63 | D        | Killed a sky beast
    63 | D        | Reached skill level 5 in Fighting
    63 | D        | Reached skill level 5 in Dodging
    63 | D        | Reached skill level 6 in Unarmed Combat
    63 | D        | Reached XP level 4. HP: 28/50 MP: 3/3
    67 | D        | Killed an ogre
    67 | D        | Reached skill level 7 in Unarmed Combat
    67 | D        | Reached XP level 5. HP: 34/59 MP: 4/4
    74 | D        | Killed a worker ant
    74 | D        | Reached **** piety under Trog
   137 | D        | Found a glowing silver altar of Zin.
   137 | D        | Found a glowing golden altar of the Shining One.
   137 | D        | Found an ancient bone altar of Kikubaaqudgha.
   137 | D        | Found a basalt altar of Yredelemnul.
   137 | D        | Found a shimmering altar of Xom.
   137 | D        | Found a radiant altar of Vehumet.
   138 | D        | Found an iron altar of Okawaru.
   139 | D        | Found a burning altar of Makhleb.
   140 | D        | Found a deep blue altar of Sif Muna.
   141 | D        | Found a bloodstained altar of Trog.
   142 | D        | Found a sparkling altar of Nemelex Xobeh.
   143 | D        | Found a white marble altar of Elyvilon.
   144 | D        | Found a roughly hewn altar of Beogh.
   145 | D        | Found a viscous altar of Jiyva.
   146 | D        | Found a corrupted altar of Lugonu.
   147 | D        | Found a blossoming altar of Fedhas.
   148 | D        | Found a snail-covered altar of Cheibriados.
   149 | D        | Found a shadowy altar of Dithmenos.
   150 | D        | Found a stormy altar of Qazlal.
   151 | D        | Found an opulent altar of Gozag.
   152 | D        | Found a sacrificial altar of Ru.
   179 | D        | Noticed an orc wizard
   179 | D        | Noticed a water moccasin
   187 | D        | Killed an orc wizard
   187 | D        | Reached XP level 6. HP: 65/68 MP: 5/5
   202 | D        | Killed a water moccasin
   202 | D        | Reached ***** piety under Trog
   202 | D        | Reached skill level 8 in Unarmed Combat
   294 | D        | Noticed a worker ant
   294 | D        | Noticed a vampire
   294 | D        | Noticed a hill giant
   294 | D        | Noticed a quasit
   296 | D        | Killed a worker ant
   302 | D        | Killed a vampire
   302 | D        | Reached skill level 9 in Unarmed Combat
   314 | D        | Killed a hill giant
   314 | D        | Reached skill level 10 in Unarmed Combat
   314 | D        | Reached XP level 7. HP: 16/81 MP: 6/6
   320 | D        | Killed a quasit
   422 | D        | Noticed a trapdoor spider
   428 | D        | Killed a trapdoor spider
   428 | D        | Reached XP level 8. HP: 76/92 MP: 7/7
   608 | D        | Noticed a black mamba
   608 | D        | Noticed a giant frog
   608 | D        | Noticed a crocodile
   608 | D        | Noticed an iguana
   608 | D        | Noticed a giant frog
   608 | D        | Noticed a hippogriff
   612 | D        | Noticed a black mamba
   617 | D        | Killed a black mamba
   617 | D        | Reached skill level 11 in Unarmed Combat
   623 | D        | Noticed a four-headed hydra
   626 | D        | Killed a giant frog
   626 | D        | Received a gift from Trog
   629 | D        | Killed a crocodile
   632 | D        | Killed an iguana
   641 | D        | HP: 1/93 [four-headed hydra (7)]
   641 | D        | Demolished by a four-headed hydra

Action                   |  1- 3 |  4- 6 |  7- 9 || total
-------------------------+-------+-------+-------++-------
Melee: Unarmed           |    28 |    52 |    34 ||   114
       Morningstar       |       |       |     1 ||     1
Invok: Brothers in Arms  |       |     1 |     1 ||     2
  Eat: Chunk             |     6 |     2 |     3 ||    11
